 Dungeon Crawl Stone Soup version 0.30-a0-950-gbf40cfac39 (webtiles) character file.

Game seed: 7652717476907782869

114 M4edhros the Charlatan (level 4, -3/30 HPs)
             Began as an Octopode Artificer on Mar 28, 2023.
             Slain by an orc priest
             ... wielding a +0 club
              (4 damage)
             ... on level 4 of the Dungeon.
             The game lasted 00:01:06 (550 turns).

M4edhros the Charlatan (Octopode Artificer)          Turns: 550, Time: 00:01:06

Health: -3/30      AC:  1    Str: 11    XL:     4   Next: 97%
Magic:  4/4        EV: 14    Int: 13    God:
Gold:   16         SH:  0    Dex: 14    Spells: 3/3 levels left

rFire   . . .      SeeInvis .      - Unarmed
rCold   . . .      Faith    .    (no shield)
rNeg    . . .      Spirit   .    (helmet restricted)
rPois   .          Reflect  .    (no amulet)
rElec   .          Rampage  .    (no ring)
rCorr   .                        (no ring)
Will    .....                    (no ring)
Stlth   +++                      (no ring)
HPRegen 0.25/turn                (no ring)
MPRegen 0.09/turn                (no ring)
                                 (no ring)
                                 (no ring)

@: no status effects
A: almost no armour, amphibious, 8 rings, camouflage 1, gelatinous body 1,
(nimble swimmer 1), tentacles
a: no special abilities


You were on level 4 of the Dungeon.
You visited 1 branch of the dungeon, and saw 4 of its levels.

You collected 16 gold pieces.

Inventory:

Missiles
 a - 2 poisoned darts
Wands
 b - a wand of flame (13) (quivered)
 c - a wand of charming (13)
 d - a wand of iceblast (4)
Potions
 e - a potion of flight {unknown}


   Skills:
 + Level 2.3 Fighting
 + Level 3.2 Dodging
 - Level 1.3 Stealth
 * Level 3.0 Unarmed Combat
 - Level 3.2 Evocations


You had 3 spell levels left.
You didn't know any spells.
Your spell library was empty.

Dungeon Overview and Level Annotations

Branches:
Dungeon (4/15)
 Temple: D:4-7

Altars:

Shops:
D:2 :


Innate Abilities, Weirdness & Mutations

You cannot wear most types of armour.
You are amphibious.
You can wear up to eight rings at the same time.
Your skin changes colour to match your surroundings (Stealth+).
Your rubbery body absorbs attacks. (AC +1, EV +1)
((You are camouflaged when in or above water. (Stealth+)))
You have tentacles for arms and can constrict up to eight enemies at once.


Message History

The orc priest mumbles some strange prayers to Beogh against you.
Beogh smites you!
* * * LOW HITPOINT WARNING * * *
Your orc wizard misses the orc priest.
The orc hits your orc wizard with a +0 mace.
Unknown command.
You barely miss the orc priest. You grab the orc priest.
You squeeze the orc priest.
The orc priest is heavily wounded.
You constrict the orc priest.
You feel sick. The orc priest hits you with a +0 club.
* * * LOW HITPOINT WARNING * * *
The orc closely misses your orc wizard.
Your orc wizard hits the orc priest with a +2 dagger of venom.
The orc priest is poisoned.
You barely miss the orc priest.
You squeeze the orc priest, but do no damage.
The orc priest is severely wounded.
You constrict the orc priest.
The orc priest drinks a potion.
The orc priest is healed!
The orc priest looks more healthy.
Your orc wizard hits the orc priest but does no damage.
The orc priest is poisoned.
The orc barely misses your orc wizard.
You tentacle-slap the orc priest but do no damage.
The orc priest is heavily wounded.
You constrict the orc priest, but do no damage.
You feel sick.
Unknown command.
You tentacle-slap the orc priest but do no damage.
The orc priest is heavily wounded.
You constrict the orc priest.
You feel sick.
You are no longer poisoned.
The orc priest hits you with a +0 club.
* * * LOW HITPOINT WARNING * * *
Your orc wizard hits the orc priest with a +2 dagger of venom.
The orc priest looks even sicker.
The orc hits your orc wizard with a +0 mace.
You tentacle-slap the orc priest but do no damage.
The orc priest is severely wounded.
You constrict the orc priest. The orc priest hits you with a +0 club.
You die...

.# .# ..# ..##
.... .... .#...
#o. ....(
#####o###.#
#....#...@o....#
...#..##.#####
#.#.## .# #.#.#
.# #.#.###.#
#.#.#.#.#
#.#.#.#.#
..#...#.# #..
###.#


You could see an orc priest (very poisoned, ally target), an orc and a friendly
orc wizard (charmed).

Vanquished Creatures
  A scorpion (D:4)
  An orc priest (D:4)
  An adder (D:4)
  2 dart slugs (D:1)
  A ball python (D:1)
  2 giant cockroaches (D:2)
  2 goblins
  4 hobgoblins
  A bat (D:3)
  A rat (D:2)
16 creatures vanquished.

Vanquished Creatures (others)
  An adder (D:4)
1 creature vanquished.

Grand Total: 17 creatures vanquished

Notes
Turn   | Place    | Note
-------+----------+-------------------------------------------
     0 | D:1      | M4edhros the Octopode Artificer began the quest for the
                  | Orb.
     0 | D:1      | Reached XP level 1. HP: 13/13 MP: 1/1
    51 | D:1      | Reached skill level 1 in Unarmed Combat
    51 | D:1      | Reached XP level 2. HP: 5/18 MP: 2/2
   183 | D:2      | Found Poil's Book Emporium.
   391 | D:4      | Reached XP level 3. HP: 16/23 MP: 3/3
   426 | D:4      | Noticed a scorpion
   452 | D:4      | Killed a scorpion
   453 | D:4      | Reached XP level 4. HP: 29/29 MP: 4/4
   549 | D:4      | HP: 1/30 [orc priest/+0 club (3)]
   550 | D:4      | Slain by an orc priest

Illustrated notes

Levels and vault maps discovered:
D:1:      dpeg_arrival_renting, layout_basic, serial_glass, glass_columns_c,
          glass_columns_a
D:2:      layout_basic, serial_shops, nicolae_shop_statue_plus,
          kennysheep_generic_room_10, uniq_jessica
D:3:      layout_basic, uniq_natasha, uniq_robin
D:4:      layout_loops_ring, serial_co_window_serial, co_window_paths_a,
          co_window_paths_b, co_window_paths_a, co_window_paths_a,
          co_window_paths_a, co_window_corner_a, co_window_unsneaky_path_a,
          co_window_cross_3, co_window_broadway_c, co_window_4corner_b,
          co_window_paths_e, glass_columns_a, glass_columns_a, glass_columns_b,
          glass_columns_a, glass_columns_b, uniq_eustachio

Skill      XL: |  1  2  3  4 |
---------------+-------------+-----
Unarmed Combat | 1 2 3 |  3.0
Fighting       | 2 |  2.3
Dodging        | 3 |  3.2
Stealth        | |  1.3
Evocations     | |  3.2

Action                     |  1- 3 |  4- 6 || total
---------------------------+-------+-------++-------
  Melee: Unarmed           |    30 |    13 ||    43
         Constrict         |    11 |     4 ||    15
         Tentacles         |     9 |     4 ||    13
  Evoke: Wand              |     4 |     1 ||     5
   Stab: Sleeping          |     4 |       ||     4
 Armour: Skin              |     3 |     1 ||     4
  Dodge: Dodged            |    16 |     3 ||    19

Table legend: (Time is in decaauts)
 A = Elapsed time spent in this place.
 B = Non-inter-level travel time spent in this place.
 C = Inter-level travel time spent in this place.
 D = Time resting spent in this place.
 E = Time spent auto-exploring this place.
 F = Levels seen in this place.
 G = Mean time per level.
                   A        B        C        D        E       F      G
               +--------+--------+--------+--------+--------+-----+--------+
         Total |    547 |    498 |     49 |      0 |    358 |   4 |  136.8 |
       Dungeon |    547 |    498 |     49 |      0 |    358 |   4 |  136.8 |
               +--------+--------+--------+--------+--------+-----+--------+

Top non-repeatable levels by time:
     D:4: 195 daAuts
     D:1: 141 daAuts
     D:3: 128 daAuts
     D:2: 82 daAuts
